 Dungeon Crawl Stone Soup version 0.31-a0-931-g7b59d4eb97 (webtiles) character file.

Game seed: 7002826107715760214

235 Xavori the Trooper (level 6, -2/50 HPs)
             Began as a Djinni Chaos Knight on Oct 19, 2023.
             Was a Plaything of Xom.
             Killed by nerve-wracking pain
             ... invoked by a shadow imp
             ... summoned by Xom
              (14 damage)
             ... on level 3 of the Dungeon.
             The game lasted 00:02:17 (3399 turns).

Xavori the Trooper (Djinni Chaos Knight)            Turns: 3399, Time: 00:02:18

Health: -2/50      AC:  5    Str:  7 (9)  XL:     6   Next: 27%
Gold:   141        EV: 12    Int: 13 (14) God:    Xom [......] SH:  0 Dex: 11 (12)

rFire   + + .        a - +0 falchion (chaos)
rCold   x x .        (no shield)
rNeg    . . .        b - +2 leather armour
rPois   ∞            (helmet currently unavailable)
rElec   .            (cloak currently unavailable)
rCorr   .            (gloves currently unavailable)
SInv    +            (boots unavailable)
Will    .....        (no amulet)
Stlth   +            (no ring)
HPRegen 0.28/turn    (no ring)
MPRegen 0.00/turn

%: clarity, infuse magic (-3 HP)
@: mighty, beast-form, flying
A: beast (slay +1), flying, sickness immunity, fire resistance 2, cold
vulnerability 2, float, innate caster, HP casting, extra vitality 1, see
invisible, clarity, clumsy 1, robust 1, weak 1, devolution 1
a: Begin Untransformation, Renounce Religion


You were on level 3 of the Dungeon.
You worshipped Xom.
You were a very special plaything of Xom.
You were a hulking beast.
You visited 1 branch of the dungeon, and saw 3 of its levels.

You collected 141 gold pieces.

Inventory:

Hand Weapons
 a - a +0 falchion of chaos (weapon)
Armour
 b - a +2 leather armour (worn)
Talismans
 e - a beast talisman (active)
Scrolls
 c - a scroll of butterflies
 d - a scroll of vulnerability {unknown}
 g - 2 scrolls of teleportation
 h - a scroll of summoning {unknown}
 i - a scroll of noise {unknown}
 m - a scroll of blinking {unknown}
Potions
 f - 3 potions of lignification {unknown}
 j - a potion of curing {unknown}
 k - a potion of ambrosia
 l - a potion of haste {unknown}
 o - a potion of enlightenment {unknown}


   Skills:
 + Level 3.6 Fighting
 + Level 3.3 Long Blades
 + Level 2.2 Armour
 + Level 3.1 Dodging
 * Level 1.7 Spellcasting
 * Level 1.7 Conjurations
 * Level 1.7 Hexes
   Level 0.0 Charms
 * Level 1.7 Summonings
 * Level 1.7 Necromancy
 * Level 1.7 Translocations
 * Level 1.7 Transmutations
 * Level 1.7 Fire Magic
 * Level 1.7 Ice Magic
 * Level 1.7 Air Magic
 * Level 1.7 Earth Magic
 * Level 1.7 Poison Magic
 * Level 1.8 Shapeshifting


You knew the following spells:

 Your Spells              Type           Power      Damage    Failure   Level
a - Shock                 Conj/Air       20%        1d4       19%         1
b - Ensorcelled Hibernat  Hex/Ice        10%        N/A       28%         2
Your spell library was empty.

Dungeon Overview and Level Annotations

Branches:
Dungeon (3/15)

Altars:

Shops:
D:1 :


Innate Abilities, Weirdness & Mutations

You are a hulking beast.
Your limbs bulge with bestial killing power. (Slay +1)
You are flying.
You are immune to sickness and miasma.
You are immune to poison.
Your flesh is very heat resistant. (rF++)
You are very vulnerable to cold. (rC--)
You float through the air rather than walking.
You learn spells naturally, not from books.
Your magical power is your life essence.
You have superior vitality. (+4 MHP)
You have supernaturally acute eyesight. (SInv)
You possess an exceptional clarity of mind.
You are clumsy. (Dex -2)
You are robust. (+10% HP)
You are weak. (Str -2)
You have hidden genetic defects.


Message History

Strange energies course through your body.
The shadow imp hits you. x2
Unknown command.
You barely miss the adder. The adder bites you but does no damage.
The shadow imp hits you. The neqoxec hits you!
* * * LOW HITPOINT WARNING * * *
The shadow imp hits you but does no damage.
The adder closely misses you.
Unknown command.
You hit the neqoxec. You freeze the neqoxec.
The neqoxec is almost dead.
You feel less invigorated.
You feel less confused. The shadow imp closely misses you.
The neqoxec hits you. The shadow imp closely misses you.
The adder barely misses you.
Unknown command.
You hit the neqoxec. Lightning courses through the neqoxec!
You kill the neqoxec!
The neqoxec disappears in a puff of smoke!
The adder bites you but does no damage.
The shadow imp hits you but does no damage.
The shadow imp hits you.
* * * LOW HITPOINT WARNING * * *
The adder bites you.
* * * LOW HITPOINT WARNING * * *
You hit the shadow imp.
The shadow imp suddenly seems more agile.
The shadow imp is moderately wounded.
The shadow imp closely misses you. The shadow imp barely misses you.
The adder bites you but does no damage.
The shadow imp hits you but does no damage. x2
Unknown command.
You completely miss the adder. The adder misses you.
The adder closely misses you. The shadow imp completely misses you.
The shadow imp misses you.
You closely miss the adder. The adder bites you but does no damage.
The shadow imp closely misses you. The shadow imp gestures at you.
Pain shoots through your body!
You die...

.. .. #. .
#.#. #...
#..# .. #..#
.# ######.S#
. #...##5h#
#. #...##5.#
#.##...##..#
#......##..#
###....##..#
#......'...#
#.##...###.#
#....##....#
###...#.####


You could see an adder and 2 shadow imps.

Vanquished Creatures
  Sigmund (D:3)
  2 adders (D:2)
  2 dart slugs (D:1)
  An orc (D:2)
  6 endoplasms
  2 giant cockroaches
  4 hobgoblins
  3 jackals (D:1)
  4 quokkas
  8 ball pythons
  5 bats
  7 goblins
  4 kobolds
  5 rats
54 creatures vanquished.

Notes
Turn   | Place    | Note
-------+----------+-------------------------------------------
     0 | D:1      | Xavori the Djinni Chaos Knight began the quest for the Orb.
     0 | D:1      | Reached XP level 1. HP: 20/20 MP: 0/0
    50 | D:1      | Found Dearar Vebb's Book Shoppe.
   272 | D:1      | XOM: silly message
   284 | D:1      | XOM: smoke on damage
   297 | D:1      | Reached XP level 2. HP: 18/25 MP: 0/0
   498 | D:1      | Reached XP level 3. HP: 27/30 MP: 0/0
   498 | D:1      | Learned a level 1 spell: Shock
   709 | D:1      | XOM: silly message
  1255 | D:1      | XOM: silly message
  1551 | D:1      | XOM: silly message
  1649 | D:1      | XOM: give mutations
  1649 | D:1      | Gained mutation: You are very vulnerable to cold. (rC--)
                  | [Xom's mischief]
  1649 | D:1      | Gained mutation: You possess an exceptional clarity of
                  | mind. [Xom's mischief]
  2061 | D:1      | XOM: give mutations
  2061 | D:1      | Gained mutation: You have a pair of small antennae on your
                  | head. [Xom's mischief]
  2061 | D:1      | Lost mutation: You have a pair of small antennae on your
                  | head. [Xom's mischief]
  2061 | D:1      | Gained mutation: You have a pair of small horns on your
                  | head. [Xom's mischief]
  2586 | D:1      | XOM: give mutations
  2586 | D:1      | Gained mutation: You are robust. (+10% HP) [Xom's grace]
  2586 | D:1      | Gained mutation: You have supernaturally acute eyesight.
                  | (SInv) [Xom's grace]
  2586 | D:1      | Gained mutation: Your spells are a little harder to cast,
                  | but a little more powerful. [Xom's grace]
  2822 | D:2      | Reached XP level 4. HP: 31/38 MP: 0/0
  2833 | D:2      | XOM: silly message
  2948 | D:2      | XOM: god gift: 17 gold pieces
  3074 | D:2      | Reached skill level 1 in Spellcasting
  3074 | D:2      | Reached skill level 1 in Conjurations
  3074 | D:2      | Reached skill level 1 in Hexes
  3074 | D:2      | Reached skill level 1 in Summonings
  3074 | D:2      | Reached skill level 1 in Necromancy
  3074 | D:2      | Reached skill level 1 in Translocations
  3074 | D:2      | Reached skill level 1 in Transmutations
  3074 | D:2      | Reached skill level 1 in Fire Magic
  3074 | D:2      | Reached skill level 1 in Ice Magic
  3074 | D:2      | Reached skill level 1 in Air Magic
  3074 | D:2      | Reached skill level 1 in Earth Magic
  3074 | D:2      | Reached skill level 1 in Poison Magic
  3155 | D:2      | XOM: give mutations
  3155 | D:2      | Gained mutation: You are clumsy. (Dex -2) [Xom's mischief]
  3155 | D:2      | Gained mutation: You have hidden genetic defects. [Xom's
                  | mischief]
  3170 | D:2      | Reached skill level 1 in Shapeshifting
  3288 | D:2      | XOM: give mutations
  3288 | D:2      | Lost mutation: You have a pair of small horns on your head.
                  | [Xom's mischief]
  3288 | D:2      | Gained mutation: You are weak. (Str -2) [Xom's mischief]
  3305 | D:3      | Noticed Sigmund
  3315 | D:3      | Killed Sigmund
  3316 | D:3      | Reached XP level 5. HP: 23/44 MP: 0/0
  3316 | D:3      | Learned a level 2 spell: Ensorcelled Hibernation
  3316 | D:3      | Reached XP level 6. HP: 26/50 MP: 0/0
  3324 | D:3      | Lost mutation: Your spells are a little harder to cast, but
                  | a little more powerful. [hidden defects]
  3385 | D:3      | XOM: summons 3 hostile demons
  3386 | D:3      | Noticed a neqoxec
  3399 | D:3      | Killed from afar by a shadow imp

Illustrated notes

Levels and vault maps discovered:
D:1:      amcnicky_arrival_wind_blow, layout_basic, serial_shops,
          nicolae_shop_tiny_glass
D:2:      layout_basic, small_statue_intersection,
          hangedman_abyss_or_decor_lesser_grid
D:3:      layout_basic, gup_sewer_entry_pipe, uniq_sigmund

Skill      XL: |  1  2  3  4 |
---------------+-------------+-----
Long Blades    | 3 |  3.3
Spellcasting   | 1 |  1.7
Conjurations   | 1 |  1.7
Hexes          | 1 |  1.7
Summonings     | 1 |  1.7
Necromancy     | 1 |  1.7
Translocations | 1 |  1.7
Transmutations | 1 |  1.7
Fire Magic     | 1 |  1.7
Ice Magic      | 1 |  1.7
Air Magic      | 1 |  1.7
Earth Magic    | 1 |  1.7
Poison Magic   | 1 |  1.7
Shapeshifting  | 1 |  1.8
Armour         | 2 |  2.2
Dodging        | 3 |  3.1
Fighting       | |  3.6

Action                     |  1- 3 |  4- 6 || total
---------------------------+-------+-------++-------
  Melee: Falchion          |    92 |    72 ||   164
         Punch             |     1 |       ||     1
         Headbutt          |     5 |     7 ||    12
    Use: Scroll            |       |     1 ||     1
         Potion            |       |     3 ||     3
   Stab: Sleeping          |     3 |       ||     3
 Armour: Leather armour    |    64 |    74 ||   138
  Dodge: Dodged            |    90 |    66 ||   156
   Form: Beast             |     1 |       ||     1

Table legend: (Time is in decaauts)
 A = Elapsed time spent in this place.
 B = Non-inter-level travel time spent in this place.
 C = Inter-level travel time spent in this place.
 D = Time resting spent in this place.
 E = Time spent auto-exploring this place.
 F = Levels seen in this place.
 G = Mean time per level.
                   A        B        C        D        E       F      G
               +--------+--------+--------+--------+--------+-----+--------+
         Total |   3423 |   3357 |     66 |   1691 |   1216 |   3 | 1141.0 |
       Dungeon |   3423 |   3357 |     66 |   1691 |   1216 |   3 | 1141.0 |
               +--------+--------+--------+--------+--------+-----+--------+

Top non-repeatable levels by time:
     D:1: 2706 daAuts
     D:2: 617 daAuts
     D:3: 98 daAuts
